Map: Overgrown Facility

Players

Cyberass

  • Race: Terran Terran
  • Spawn Location: 7:00

Noobs

  • Race: Protoss Protoss
  • Spawn Location: 9:00

PureLegacy - Winner!

  • Race: Terran Terran
  • League: Master
  • Spawn Location: 3:00

DaLusion - Winner!

  • Race: Protoss Protoss
  • Spawn Location: 1:00

VOD

Have the link to the VOD?

Description

Time

  • Played on: Dec. 2, 2018, 5:28 p.m.
  • Length: 4:46
Show
View Real Time Build Order
Export as new Build Order

Cyberass Terran 

Build Orders: 1/1/1, Hellion Opening 

Get SALT Encoding   

  12  0:01  SCV  
  13  0:13  SCV  
  14  0:18  Supply Depot  
  14  0:25  SCV  
  15  0:40  SCV  
  15  0:41  Barracks  
  16  0:46  Refinery  
  16  0:52  SCV  
  17  0:58  Refinery  
  17  1:04  SCV  
  18  1:22  SCV  
  19  1:34  Orbital Command  
  19  1:38  Factory  
  19  1:47  Barracks Reactor  
  19  1:53  Supply Depot  
  19  2:01  SCV  
  20  2:14  SCV  
  21  2:23  Starport  
  21  2:26  SCV  
  22  2:31  Hellion x2  
  25  2:38  SCV  
  24  2:53  Hellion x2  
  27  3:01  SCV  
  28  3:06  Supply Depot  
  28  3:14  Hellion  
  31  3:20  SCV  
  31  3:28  Hellion  
  33  3:38  Hellion  
  33  3:39  Barracks Tech Lab  
  35  4:00  Hellion x2  
  29  4:21  Hellion x2  
Show
View Real Time Build Order
Export as new Build Order

Noobs Protoss 

Build Orders: Oracle Opening 

Get SALT Encoding   

  12  0:01  Probe  
  13  0:13  Probe  
  14  0:21  Pylon  
  14  0:25  Probe  
  15  0:39  Probe  
  16  0:45  Gateway  
  16  0:47  Assimilator  
  16  0:51  Probe  
  16  0:53  Assimilator  
  17  1:02  Probe  
  18  1:10  Probe  
  18  1:18  Probe  
  20  1:29  Pylon  
  20  1:30  Probe  
  21  1:33  Cybernetics Core  
  21  1:42  Probe  
  23  1:54  Probe  
  23  2:03  Adept  
  23  2:10  Stargate  
  25  2:19  Probe  
  26  2:24  Nexus  
  26  2:32  Pylon  
  26  2:40  Probe  
  26  2:43  Oracle  
  27  2:44  Pylon  
  27  2:52  Probe  
  31  3:01  Stargate  
  31  3:18  Oracle  
  34  3:29  Probe  
  35  3:36  Assimilator  
  35  3:41  Assimilator  
  35  3:42  Probe  
  32  3:54  Probe  
  18  4:06  Probe  
  14  4:12  Probe  
  14  4:14  Probe  
  15  4:20  Probe  
  15  4:22  Probe  
  18  4:30  Probe  
  18  4:32  Probe  
Show
View Real Time Build Order
Export as new Build Order

PureLegacy Terran - Winner!

Build Orders:  

Get SALT Encoding   

  12  0:02  SCV  
  13  0:14  SCV  
  13  0:18  Supply Depot  
  14  0:26  SCV  
  15  0:32  Refinery  
  15  0:40  SCV  
  16  0:45  Barracks  
  16  0:52  SCV  
  17  1:02  Barracks  
  17  1:17  Barracks  
  17  1:21  SCV  
  18  1:33  Reaper  
  19  1:40  Orbital Command  
  19  1:50  Refinery  
  19  1:51  Reaper  
  20  2:04  Supply Depot  
  20  2:05  Reaper  
  21  2:11  Reaper  
  21  2:15  SCV  
  23  2:26  Reaper  
  23  2:28  SCV  
  25  2:31  Supply Depot  
  25  2:37  Reaper  
  26  2:49  Reaper  
  25  2:59  Reaper  
  25  3:02  SCV  
  27  3:09  Reaper  
  28  3:14  SCV  
  28  3:15  Command Center  
  29  3:26  SCV  
  29  3:38  SCV  
  29  3:40  Barracks Reactor, Barracks Tech Lab  
  29  3:45  Factory  
  29  3:47  Bunker  
  23  4:02  SCV  
  22  4:16  Marine x2  
  24  4:18  SCV  
  25  4:27  Marine x2  
Show
View Real Time Build Order
Export as new Build Order

DaLusion Protoss - Winner!

Build Orders: Oracle Opening, Phoenix Opening 

Get SALT Encoding   

  12  0:01  Probe  
  13  0:13  Probe  
  14  0:18  Pylon  
  14  0:25  Probe  
  15  0:34  Probe  
  15  0:37  Gateway  
  16  0:43  Probe  
  17  0:57  Probe  
  18  1:04  Assimilator  
  18  1:05  Probe  
  18  1:07  Assimilator  
  19  1:13  Probe  
  19  1:17  Pylon  
  20  1:23  Probe  
  21  1:27  Cybernetics Core  
  21  1:35  Probe  
  22  1:48  Probe  
  23  2:00  Probe  
  24  2:06  Stargate  
  24  2:10  Warp Gate  
  24  2:12  Probe  
  25  2:24  Probe  
  26  2:33  Nexus  
  26  2:38  Probe  
  26  2:40  Oracle  
  30  3:00  Pylon  
  30  3:15  Stalker  
  30  3:18  Phoenix  
  34  3:28  Probe  
  35  3:38  Stalker  
  37  3:50  Phoenix  
  38  4:37  Stargate  
Tags
 
Add a new tag
Caveats
  • Supply blocks, unpowered buildings, or Contaminate may cause inaccurate times.
  • Supply counts are checked every 10 seconds.